 Dungeon Crawl Stone Soup version 0.28-a0-1513-ge4f4046303 (webtiles) character file.

Game seed: 7026213392533648605

35 Anathary the Skirmisher (level 3, 0/29 HPs)
             Began as a Demonspawn Berserker on Jan 16, 2022.
             Was a Follower of Trog.
             Slain by an adder (1 damage)
             ... on level 2 of the Dungeon.
             The game lasted 00:04:35 (1232 turns).

Anathary the Skirmisher (Demonspawn Berserker)      Turns: 1232, Time: 00:04:38

Health: 0/29       AC:  2    Str: 19    XL:     3   Next: 17%
Magic:  3/3        EV: 16    Int:  8    God:    Trog [*.....]
Gold:   30         SH:  0    Dex: 12    Spells: 2/2 levels left

rFire   . . .      SeeInvis .   a - +0 hand axe
rCold   . . .      Faith    .   (no shield)
rNeg    . . .      Spirit   .   b - +0 animal skin
rPois   .          Reflect  .   (helmet restricted)
rElec   .          Harm     .   (no cloak)
rCorr   .          Rampage  .   (no gloves)
Will    .....                   (no boots)
Stlth   +.........              (no amulet)
HPRegen 0.09/turn               f - +4 ring of evasion
MPRegen 0.08/turn               (no ring)

@: no status effects
A: horns 2
a: Renounce Religion, Berserk


You were on level 2 of the Dungeon.
You worshipped Trog.
Trog was aware of your devotion.
You visited 1 branch of the dungeon, and saw 2 of its levels.

You collected 30 gold pieces.

Inventory:

Hand Weapons
 a - a +0 hand axe (weapon)
Armour
 b - a +0 animal skin (worn)
Jewellery
 f - a +4 ring of evasion (left hand)
Scrolls
 d - a scroll of magic mapping {unknown}
 e - 6 scrolls of identify {unknown}
 h - a scroll of vulnerability {unknown}
Potions
 c - 2 potions of lignification {unknown}
 g - a potion of curing {unknown}


   Skills:
 + Level 3.4 Fighting
 + Level 3.2 Axes
 + Level 2.0 Armour
 + Level 2.2 Dodging


You had 2 spell levels left.
You didn't know any spells.
Your spell library was empty.

Dungeon Overview and Level Annotations

Branches:
Dungeon (2/15)

Altars:


Innate Abilities, Weirdness & Mutations

You have a pair of horns on your head.


Message History

You hit the quokka. The quokka bites you. The hobgoblin misses you.
The quokka misses you.
A goblin comes into view. It is wielding a +0 club.
You hit the hobgoblin. You headbutt the hobgoblin.
The hobgoblin is almost dead.
You hit the quokka but do no damage. The hobgoblin completely misses you.
The quokka bites you.
You slash the hobgoblin!
You kill the hobgoblin!
Trog accepts your kill.
You hit the quokka. You barely miss the goblin.
The quokka completely misses you. The goblin hits you with a +0 dagger.
The quokka completely misses you.
You hit the quokka.
You kill the quokka!
Trog accepts your kill.
You barely miss the goblin.
The goblin hits you with a +0 dagger. x2
* * * LOW HITPOINT WARNING * * *
The adder barely misses you. The kobold completely misses you.
There is a stone staircase leading up here.
You slash the kobold!
You kill the kobold!
Trog accepts your kill.
You hit the hobgoblin.
You hit the adder. x2; The adder bites you.
* * * LOW HITPOINT WARNING * * *
The adder closely misses you.
You hit the hobgoblin.
You kill the hobgoblin!
Trog accepts your kill.
You hit the adder but do no damage. You barely miss the adder.
You hit the goblin but do no damage. The adder completely misses you. x2
The adder closely misses you.
You barely miss the goblin. You headbutt the goblin.
You kill the goblin!
Trog accepts your kill.
You hit the adder. You hit the goblin. You closely miss the adder.
The adder barely misses you. The adder bites you.
* * * LOW HITPOINT WARNING * * *
The adder bites you.
You die...

##............#.#
................
####.............###.
.....................
.#...#..(........#..
.....................
......)..............
.......)S............
......S@.............
......g..............
#............<...###.
.....>...........#
............>....#
................##
...............##
#............#..


You could see 2 adders and a goblin.

Vanquished Creatures
  A dart slug (D:1)
  4 bats (D:1)
  2 endoplasms (D:1)
  4 goblins
  5 hobgoblins
  4 quokkas
  4 ball pythons (D:1)
  A frilled lizard (D:1)
  3 kobolds
  2 rats (D:1)
30 creatures vanquished.

Notes
Turn   | Place    | Note
-------+----------+-------------------------------------------
     0 | D:1      | Anathary the Demonspawn Berserker began the quest for the
                  | Orb.
     0 | D:1      | Reached XP level 1. HP: 18/18 MP: 1/1
     2 | D:1      | You fall into a shaft and drop 1 floor!
   373 | D:1      | Gained mutation: You have a pair of small horns on your
                  | head. [demonic ancestry]
   373 | D:1      | Reached XP level 2. HP: 24/24 MP: 2/2
   518 | D:1      | Found a faded altar of an unknown god.
  1225 | D:2      | Gained mutation: You have a pair of horns on your head.
                  | [demonic ancestry]
  1225 | D:2      | Reached XP level 3. HP: 17/29 MP: 3/3
  1232 | D:2      | HP: 1/29 [adder (5)]
  1232 | D:2      | Slain by an adder

Illustrated notes

Levels and vault maps discovered:
D:1:      wander_arrival_desolate, layout_basic,
          ebering_ecumenical_altar_abandoned
D:2:      layout_rooms, uniq_robin

Skill      XL: |  1  2 |
---------------+-------+-----
Armour         | 2 |  2.0
Dodging        | 2 |  2.2
Axes           | 3 |  3.2
Fighting       | |  3.4

Action                   || total
-------------------------++-------
Melee: Hand axe          ||    74
       Headbutt          ||     7
       Unarmed           ||     1
Armor: Animal skin       ||    23
Dodge: Dodged            ||    91

Table legend: (Time is in decaauts)
 A = Elapsed time spent in this place.
 B = Non-inter-level travel time spent in this place.
 C = Inter-level travel time spent in this place.
 D = Time resting spent in this place.
 E = Time spent auto-exploring this place.
 F = Levels seen in this place.
 G = Mean time per level.
                   A        B        C        D        E       F      G
               +--------+--------+--------+--------+--------+-----+--------+
         Total |   1242 |   1183 |     59 |    620 |    241 |   2 |  621.0 |
       Dungeon |   1242 |   1183 |     59 |    620 |    241 |   2 |  621.0 |
               +--------+--------+--------+--------+--------+-----+--------+

Top non-repeatable levels by time:
     D:1: 1217 daAuts
     D:2: 25 daAuts
